 Dungeon Crawl Stone Soup version 0.17.3-4-g93a25c67f4 (console) character file.

8 Goblin1989 the Skirmisher (level 2, 0/24 HPs)
             Began as a Demonspawn Fighter on June 16, 2023.
             Slain by a hobgoblin
             ... wielding a +0 club
              (1 damage)
             ... on level 1 of the Dungeon.
             The game lasted 00:01:22 (169 turns).

Goblin1989 the Skirmisher (Demonspawn Fighter)       Turns: 169, Time: 00:01:22

Health: 0/24       AC:  7    Str: 16    XL:     2   Next: 0%
Magic:  2/2        EV:  6    Int:  9    God:
Gold:   25         SH:  8    Dex: 12    Spells: 0 memorised, 1 level left

rFire  . . .     SeeInvis .     a - +0 flail
rCold  . . .     Clarity  .     b - +0 scale mail
rNeg   . . .     SustAt   .     c - +0 shield
rPois  .         Gourm    .     (no helmet)
rElec  .         Spirit   .     (no cloak)
rCorr  .         Warding  .     (no gloves)
rMut   .         Stasis   .     (no boots)
MR     .....                    (no amulet)
Stlth  ..........               (no ring)
                                (no ring)

@: not resistant to hostile enchantments, extremely unstealthy
A: rugged brown scales 1
a: no special abilities


You were on level 1 of the Dungeon.
You were not hungry.

You visited 1 branch of the dungeon, and saw 1 of its levels.

You collected 25 gold pieces.

Inventory:

Hand Weapons
 a - a +0 flail (weapon)
Armour
 b - a +0 scale mail (worn)
 c - a +0 shield (worn)
Jewellery
 g - an amulet of regeneration {unknown}
Potions
 d - a potion of might
 h - a potion of brilliance {unknown}
Comestibles
 e - a bread ration {@e1}
 f - 3 chunks of flesh


   Skills:
 + Level 3.1 Fighting
 * Level 1.8 Maces & Flails
 + Level 2.8 Armour
 + Level 2.9 Shields


You had one spell level left.
You didn't know any spells.

Dungeon Overview and Level Annotations

Branches:
Dungeon (1/15)

Altars:


Innate Abilities, Weirdness & Mutations

You are partially covered in rugged brown scales (AC +1, +3% HP).


Message History

The kobold closely misses you.
You closely miss the kobold. You block the kobold's attack.
You block the kobold's attack.
You hit the kobold.
You kill the kobold!
No target in view!
No target in view!
No target in view!
No target in view!
No target in view!
No target in view!
No target in view!
No target in view!
No target in view!
No target in view!
No target in view!
No target in view!
No target in view!
No target in view!
No target in view!
No target in view!
No target in view!
You now have 13 gold pieces.
Found an escape hatch in the floor.
You now have 25 gold pieces (gained 12).
Found a stone staircase leading down.
No target in view!
h - a fizzy yellow potion
There is an escape hatch in the floor here. 2 hobgoblins come into view.
The hobgoblin shouts! x2
A rat comes into view.
The hobgoblin closely misses you.
You barely miss the hobgoblin. The hobgoblin hits you with a club.
You take 3 damage, and have 15/18 hp.
Your scale mail prevents you from hitting the hobgoblin.
The hobgoblin closely misses you. The hobgoblin hits you with a club.
The hobgoblin hits you but does no damage.
You take 5 damage, and have 10/18 hp.
O_OOPS!!
MASSIVE DAMAGE!!
You are too injured to fight recklessly!
You are too injured to fight recklessly!
You are too injured to fight recklessly!
You are too injured to fight recklessly!
You are too injured to fight recklessly!
You are too injured to fight recklessly!
You are too injured to fight recklessly!
You are too injured to fight recklessly!
You are too injured to fight recklessly!
You are too injured to fight recklessly!
You are too injured to fight recklessly!
You are too injured to fight recklessly!
You are too injured to fight recklessly!
You are too injured to fight recklessly!
You are too injured to fight recklessly!
You are too injured to fight recklessly!
You are too injured to fight recklessly!
You are too injured to fight recklessly!
You are too injured to fight recklessly!
You are too injured to fight recklessly!
You are too injured to fight recklessly!
You are too injured to fight recklessly!
You are too injured to fight recklessly!
You are too injured to fight recklessly!
Unknown command.
You hit the hobgoblin.
The hobgoblin is severely wounded.
The hobgoblin hits you but does no damage.
The hobgoblin barely misses you.
The hobgoblin hits you but does no damage.
You hit the hobgoblin.
You kill the hobgoblin!
You have reached level 2!
Your demonic ancestry asserts itself...
Rugged brown scales grow over part of your body.
The hobgoblin hits you with a club.
* * * LOW HITPOINT WARNING * * *
You take 3 damage, and have 7/24 hp.
MP restored: 2
Things that are here:
a club; a hobgoblin corpse You closely miss the hobgoblin.
You block the hobgoblin's attack.
You hit the hobgoblin but do no damage. You block the hobgoblin's attack.
You hit the hobgoblin but do no damage. The hobgoblin hits you with a club.
* * * LOW HITPOINT WARNING * * *
You take 2 damage, and have 5/24 hp.
You completely miss the hobgoblin. You block the hobgoblin's attack.
The hobgoblin hits you with a club.
* * * LOW HITPOINT WARNING * * *
You take 2 damage, and have 3/24 hp.
You barely miss the hobgoblin. You block the hobgoblin's attack.
You closely miss the hobgoblin. You block the hobgoblin's attack.
You barely miss the hobgoblin. The hobgoblin hits you with a club.
* * * LOW HITPOINT WARNING * * *
You take 1 damage, and have 2/24 hp.
You hit the hobgoblin.
The hobgoblin is heavily wounded.
The hobgoblin hits you with a club.
* * * LOW HITPOINT WARNING * * *
The hobgoblin hits you with a club.
You die...

██.██......█....███....█ █.
██..█......██.███████♣♣.♣ █.
█.....███.........█ ♣.♣♣███.
█♣.♣.██....███████.█ ♣♣.P♣....
..........██ ♣P.♣♣.██.
>♣.♣......█ ♣♣.♣♣.███
██.......█ .█.♣♣.♣♣.██
[........████████.....♣..P♣..█
.........>..rg@....█ ♣..P♣..█
█............███████ ♣♣.P♣..█
█.........█...g...█ ♣.♣♣.██
█..................█ █....█
█.(.......█.......██


██████ .♣.♣.♣.♣.████r████ ........█ .█ .♣█♣.♣██ )█ .. .█ You could see a
hobgoblin and a rat.

Vanquished Creatures
  A hobgoblin (D:1)
  A ball python (D:1)
  8 giant newts (D:1)
  A kobold (D:1)
11 creatures vanquished.

Notes
Turn   | Place    | Note
--------------------------------------------------------------
     0 | D:1      | Goblin1989 the Demonspawn Fighter began the quest for the Orb.
     0 | D:1      | Reached XP level 1. HP: 18/18 MP: 1/1
   160 | D:1      | Gained mutation: You are partially covered in rugged brown scales (AC +1, +3% HP). [demonic ancestry]
   160 | D:1      | Reached XP level 2. HP: 10/24 MP: 2/2
   169 | D:1      | HP: 1/24 [hobgoblin/club (1)]
   169 | D:1      | Slain by a hobgoblin

Action                   || total
-------------------------++-------
Melee: Flail             ||    40

Vault maps used:
D:1:      dpeg_arrival_rhombi, serial_forest, infiniplex_forest_clump_diagonal,
          infiniplex_forest_lined_2, infiniplex_forest_straight_5,
          infiniplex_forest_clump_curved, infiniplex_forest_zigzag_1,
          infiniplex_forest_end_3, infiniplex_forest_lined_2, minmay_newt_pond
